AoeStats
← 布丁

Arena

506429962Analyzed
4v4 RM · 19d ago on Sep 13, 2026· 49m 43s· 8 players
Game mode
Random Map
Map size
Large (8 player)
Population
200
Speed
Normal
Resources
Standard
Victory
Conquest
Starting age
Dark Age
Ending age
Imperial Age
RankedLock teamsTeams togetherTeam positionsShared explorationLock speedFull tech treeHidden civsTurbo modeCheats
Victory
Defeat
🇹🇼 Goths · Taiwan
842
+16
🇺🇸 Ethiopians · United States
838
+17
🇺🇸 Huns · United States
828
+17
🇨🇱 Spanish · Chile
815
+18
🇩🇪 Hindustanis · Germany
867
-18
🇩🇪 Franks · Germany
863
-17
🇩🇪 Japanese · Germany
859
-17
🇬🇧 Franks · United Kingdom
816
-16
Evil Empire
12:56 Feudal Age
13:28 Double-Bit Axe
16:32 Scale Barding Armor
18:57 Castle Age
20:40 Bow Saw
25:15 Wheelbarrow
25:30 Stone Mining
25:35 Town Watch
28:48 Hand Cart
28:31 Gold Mining
28:53 Husbandry
29:31 Forging
30:11 Loom
32:47 Gold Shaft Mining
33:35 Chain Barding Armor
38:48 Imperial Age
37:14 Iron Casting
38:51 Cavalier
Pascha_Otto
1:53 Loom
10:53 Feudal Age
11:21 Double-Bit Axe
11:39 Horse Collar
12:20 Gold Mining
19:48 Castle Age
19:04 Stone Mining
19:02 Arson
19:22 Scale Mail Armor
20:18 Forging
20:58 Heavy Plow
21:32 Bow Saw
22:56 Fletching
23:06 Padded Archer Armor
24:42 Gold Shaft Mining
24:47 Murder Holes
27:14 Fortified Wall
29:17 Wheelbarrow
28:32 Town Watch
28:46 Bodkin Arrow
29:43 Leather Archer Armor
29:47 Chain Mail Armor
30:34 Caravan
30:48 Squires
34:23 Imperial Age
32:43 Iron Casting
34:25 Town Patrol
36:29 Plate Mail Armor
37:01 Blast Furnace
36:03 Bracer
37:43 Hand Cart
38:32 Ballistics
38:12 Heavy Scorpion
38:43 Onager
39:20 Treadmill Crane
40:55 Pikeman
40:57 Man-at-Arms
43:09 Two-Man Saw
43:00 Kataparuto
Senator_Pal_Dom
10:30 Loom
13:08 Feudal Age
14:09 Feudal Age
19:34 Castle Age
18:04 Stone Mining
18:10 Gold Mining
19:27 Loom
19:54 Double-Bit Axe
24:08 Wheelbarrow
24:13 Gold Shaft Mining
25:45 Hand Cart
28:47 Ballistics
28:38 Fortified Wall
29:29 Masonry
Jimmy Levy (GEO)
12:38 Feudal Age
14:04 Double-Bit Axe
16:51 Castle Age
14:45 Horse Collar
18:05 Bow Saw
20:57 Loom
23:15 Wheelbarrow
23:26 Town Watch
27:27 Hand Cart
30:51 Imperial Age
29:11 Heavy Plow
29:12 Gold Mining
30:30 Stone Mining
31:17 Fortified Wall
31:27 Ballistics
31:16 Scale Barding Armor
31:11 Scale Mail Armor
31:22 Forging
31:02 Fletching
31:13 Padded Archer Armor
32:38 Two-Man Saw
32:42 Chemistry
32:06 Ballistics
31:31 Pikeman
31:37 Light Cavalry
32:27 Bloodlines
32:18 Husbandry
33:13 Gold Shaft Mining
33:00 Hussar
33:57 Squires
34:39 Elite Skirmisher
36:26 Leather Archer Armor
36:07 Bodkin Arrow
37:51 Shatagni
38:12 Conscription
37:53 Grand Trunk Road
38:29 Hoardings
38:51 Bracer
39:22 Ring Archer Armor
41:14 Iron Casting
40:55 Chain Mail Armor
40:47 Siege Engineers
41:24 Stone Shaft Mining
40:51 Caravan
41:36 Chain Barding Armor
41:59 Masonry
41:40 Arson
43:07 Blast Furnace
42:24 Town Patrol
44:49 Plate Barding Armor
CouthTortoise40
0:38 Loom
13:38 Feudal Age
18:00 Castle Age
15:58 Horse Collar
20:33 Double-Bit Axe
21:14 Fervor
24:42 Bow Saw
24:51 Stone Mining
24:52 Gold Mining
26:23 Wheelbarrow
27:58 Hand Cart
31:11 Gold Shaft Mining
30:56 Heavy Plow
31:10 Marauders
31:32 Husbandry
32:16 Murder Holes
32:10 Town Watch
34:56 Imperial Age
32:49 Bloodlines
32:05 Pikeman
32:46 Squires
33:04 Caravan
34:19 Forging
34:14 Scale Barding Armor
34:58 Elite Tarkan
36:04 Conscription
36:48 Two-Man Saw
37:17 Iron Casting
37:07 Chain Barding Armor
38:55 Plate Barding Armor
39:20 Blast Furnace
38:21 Scale Mail Armor
41:10 Chemistry
40:21 Masonry
40:32 Ballistics
46:10 Town Patrol
布丁
1:41 Loom
13:27 Feudal Age
14:51 Wheelbarrow
17:48 Castle Age
16:22 Double-Bit Axe
16:21 Horse Collar
20:23 Hand Cart
21:08 Gold Mining
21:11 Stone Mining
30:53 Imperial Age
30:14 Pikeman
30:56 Squires
31:51 Scale Mail Armor
32:02 Forging
32:03 Anarchy
33:19 Chemistry
32:48 Perfusion
33:28 Halberdier
34:40 Town Watch
35:42 Chain Mail Armor
36:03 Iron Casting
37:03 Bow Saw
37:30 Heavy Plow
39:18 Fletching
40:30 Blast Furnace
44:25 Bodkin Arrow
49:23 Bracer
49:24 Padded Archer Armor
49:30 Scale Barding Armor
DPtheBananaKing
10:50 Feudal Age
17:40 Castle Age
16:32 Double-Bit Axe
16:30 Horse Collar
24:11 Scale Mail Armor
24:22 Forging
24:02 Arson
25:53 Royal Heirs
26:57 Iron Casting
34:40 Imperial Age
33:02 Wheelbarrow
32:14 Loom
35:02 Chain Mail Armor
37:29 Plate Mail Armor
37:59 Blast Furnace
36:31 Elite Shotel Warrior
37:33 Conscription
37:41 Heavy Plow
37:54 Bow Saw
39:08 Hand Cart
39:27 Squires
40:37 Chemistry
39:59 Ballistics
40:01 Caravan
44:38 Torsion Engines
Mikefg16
5:10 Loom
11:07 Feudal Age
16:22 Castle Age
15:58 Double-Bit Axe
15:55 Horse Collar
19:07 Loom
19:21 Loom
25:45 Wheelbarrow
27:26 Husbandry
27:37 Bloodlines
26:47 Light Cavalry
29:53 Scale Barding Armor
29:59 Forging
30:47 Hand Cart
31:00 Chain Barding Armor
30:43 Heavy Plow
30:56 Bow Saw
30:38 Gold Mining
30:38 Stone Mining
30:54 Town Watch
31:21 Scale Mail Armor
32:02 Town Patrol
33:10 Light Cavalry
33:14 Pikeman
33:54 Squires
34:32 Iron Casting
34:14 Chain Mail Armor
35:19 Padded Archer Armor
35:09 Fletching
37:20 Leather Archer Armor
40:02 Imperial Age
38:37 Masonry
38:33 Siphons
38:49 Ballistics
38:40 Fortified Wall
38:26 Murder Holes
40:04 Cavalier
41:28 Plate Barding Armor
41:54 Blast Furnace
41:25 Plate Mail Armor
40:33 Elite Conquistador
41:17 Inquisition
41:42 Supremacy
41:23 Paladin
43:20 Chemistry
42:51 Architecture
42:40 Halberdier
Connection lost

Rejoining the realm…

Still unreachable

The connection could not be restored.

Session expired

The server has moved on; the page needs a fresh start.